 Dungeon Crawl Stone Soup version 0.24-a0-536-gdd4cf15 (webtiles) character file.

Game seed: 8837138862057018290

6316 Firecrotchwizard the Fighter (level 10, -1/91 HPs)
             Began as a Hill Orc Fire Elementalist on Aug 6, 2019.
             Was a Priest of Vehumet.
             Slain by an eight-headed hydra (2 damage)
             ... on level 9 of the Dungeon on Aug 13, 2019.
             The game lasted 00:51:00 (12410 turns).

Firecrotchwizard the Fighter (HOFE)                Turns: 12410, Time: 00:51:01

Health: -1/91      AC:  9    Str: 16    XL:     10   Next: 95%
Magic:  8/17       EV: 13    Int: 18    God:    Vehumet [***...]
Gold:   493        SH:  9    Dex: 11    Spells: 4/18 levels left

rFire    + . .     SeeInvis .   k - +2 dagger (venom)
rCold    x . .     Gourm    .   E - +0 buckler
rNeg     . . .     Faith    .   l - +0 ring mail
rPois    .         Spirit   .   (no helmet)
rElec    .         Reflect  +   z - scarf {cloud immunity}
rCorr    .         Harm     .   m - +1 pair of gloves
MR       .....                  J - +1 pair of boots
Stlth    +.........             B - +5 amulet of reflection
HPRegen  0.25/turn              i - ring of fire {rF+, rC-}
MPRegen  0.15/turn              n - +4 ring of strength

@: no status effects
A: no striking features
a: Renounce Religion


You were on level 9 of the Dungeon.
You worshipped Vehumet.
Vehumet was most pleased with you.
You were not hungry.

You visited 2 branches of the dungeon, and saw 10 of its levels.

You collected 493 gold pieces.

Inventory:

Hand Weapons
 a - a +0 war axe
   (You found it on level 2 of the Dungeon)
 b - a +0 hunting sling
   (You found it on level 1 of the Dungeon)
 f - a +0 club
   (You took it off a hobgoblin on level 1 of the Dungeon)
 k - a +2 dagger of venom (weapon)
   (You took it off Dowan on level 4 of the Dungeon)
 w - a +2 dagger of speed
   (You took it off an orc wizard on level 3 of the Dungeon)
 x - the +9 falchion of Hacking and Slashing {flame, *Rage rC+ Int+2 Dex+4}
   (You found it on level 6 of the Dungeon)

   It has been specially enchanted to burn those struck by it, causing extra
   injury to most foes and up to half again as much damage against particularly
   susceptible opponents.
   Big, fiery blades are also staple armaments of hydra-hunters.
   It affects your intelligence (+2).
   It affects your dexterity (+4).
   It protects you from cold.
   It may make you go berserk in combat.
 A - a +2 hand axe of freezing
   (You found it on level 6 of the Dungeon)
 F - a +0 battleaxe
   (You took it off an orc warrior on level 6 of the Dungeon)
 M - a +6 war axe
   (You took it off an orc priest on level 8 of the Dungeon)
 P - the +6 dagger "Dingoco" {pierce, Fragile +Blink Str+5 Int-2}
   (You found it on level 9 of the Dungeon)

   It inflicts extra damage upon your enemies.
   It affects your strength (+5).
   It affects your intelligence (-2).
   It lets you blink.
   It will be destroyed if unequipped.
Missiles
 q - 186 stones (quivered)
 H - a throwing net {=f, !d}
Armour
 l - a +0 ring mail (worn)
   (You found it on level 1 of the Dungeon)
 m - a +1 pair of gloves (worn)
   (You found it on level 1 of the Dungeon)
 p - a +0 robe
 z - a scarf of cloud immunity (worn)
   (You found it on level 4 of the Dungeon)
 E - a +0 buckler (worn)
   (You took it off Dowan on level 4 of the Dungeon)
 J - a +1 pair of boots (worn)
   (You found it on level 7 of the Dungeon)
Magical Staves
 N - an uncursed staff of power {unknown}
   (You found it on level 9 of the Dungeon)
Jewellery
 i - a ring of fire (left hand) {rF+, rC-}
   (You found it on level 1 of the Dungeon)
 n - a +4 ring of strength (right hand)
   (You took it off a crimson imp on level 5 of the Dungeon)
 s - an uncursed amulet of regeneration {+regen, !d}
   (You found it on level 6 of the Dungeon)
 B - a +5 amulet of reflection (around neck)
   (You found it on level 6 of the Dungeon)
 G - an uncursed ring of wizardry {Wiz+, !d}
   (You found it on level 7 of the Dungeon)
Wands
 Q - a wand of polymorph (8)
   (You found it on level 9 of the Dungeon)
Scrolls
 e - 5 scrolls of fog
 g - 2 scrolls of identify
 r - 3 scrolls of remove curse
 v - 3 scrolls of amnesia
 y - 3 scrolls of teleportation
 K - a scroll of blinking {!r}
 L - a scroll of magic mapping {!r}
 O - a scroll of enchant armour
Potions
 d - 4 potions of haste
 h - 2 potions of lignification {!q}
 j - 4 potions of resistance
 o - a potion of heal wounds {unknown}
 t - a potion of curing {unknown}
 u - 2 potions of brilliance {unknown}
 C - a potion of magic {unknown}
 D - 2 potions of mutation {unknown}
Comestibles
 c - 20 rations
 I - 5 chunks of flesh {@w0}


   Skills:
 - Level 9.3 Fighting
 + Level 2.0 Armour
 - Level 5.2 Dodging
 - Level 1.5 Stealth
 - Level 4.0 Shields
 * Level 4.8 Spellcasting
 - Level 8.1 Conjurations
 - Level 8.0 Fire Magic


You had 4 spell levels left.
You knew the following spells:

 Your Spells              Type           Power        Failure   Level  Hunger
a - Flame Tongue          Conj/Fire      #####        1%          1    None
b - Magic Dart            Conj           ####         1%          1    None
c - Conjure Flame         Conj/Fire      ######..     1%          3    ###....
f - Fireball              Conj/Fire      ######....   7%          5    ######.
s - Sticky Flame          Conj/Fire      ######..     2%          4    ####...

Your spell library contained the following spells:

 Spells                   Type           Power        Failure   Level  Hunger
 Stone Arrow              Conj/Erth      ###...       4%          3    ###....
 Throw Flame              Conj/Fire      ######       1%          2    #......
 Inner Flame              Hex/Fire       ####....     4%          3    ###....
 Summon Butterflies       Summ           #.......     26%         1    None
 Call Canine Familiar     Summ           #.......     58%         3    ###....
 Summon Ice Beast         Ice/Summ       #.......     94%         4    ####...
 Summon Mana Viper        Hex/Summ       #.......     100%        5    ######.
 Summon Hydra             Summ           #.........   100%        7    #######


Dungeon Overview and Level Annotations

Branches:
Dungeon (9/15)             Temple (1/1) D:4             Orc (0/2) D:9
   Lair: D:8-11

Altars:
Ashenzari
Cheibriados
Dithmenos
Elyvilon
Fedhas
Gozag
Hepliaklqana
Kikubaaqudgha
Makhleb
Nemelex Xobeh
Okawaru
Qazlal
Ru
Sif Muna
Trog
Uskayaw
Vehumet
Wu Jian
Xom
Yredelemnul
Zin
The Shining One

Shops:
D:9 *

Annotations:
D:4 2 transporters
D:5 exclusion: moth of wrath
D:6 1 runed translucent door, LadyBoffin's ghost, novice MfIE
D:7 3 runed translucent doors, RancidPinata's ghost, novice TrMo; chaoswolf's ghost, novice DsBe; necromuncher's ghost, novice KoHu


Message History

Things that are here:
a +0 scale mail; a scroll of teleportation; a kobold corpse
Aim: a big kobold, wielding a +0 dagger (moderately wounded, poisoned)
You feel a surge of power!
You miscast Sticky Flame.
You are very lightly contaminated with residual magic.
The air around you burns with energy! The big kobold misses you.
You now have 13/17 mp.
Aim: a big kobold, wielding a +0 dagger (moderately wounded, poisoned)
You feel a surge of power!
The sticky flame hits the big kobold.
The big kobold is covered in liquid flames!
The big kobold burns!
The big kobold hits you but does no damage.
You now have 9/17 mp.
You closely miss the big kobold.
The big kobold burns!
The big kobold hits you but does no damage.
You hit the big kobold.
The big kobold looks as sick as possible!
The big kobold burns!
You kill the big kobold!
Vehumet accepts your kill.
You feel your power returning.
Your life force feels restored.
Your Armour skill increases to level 2!
q - 181 stones (gained 1)
Things that are here:
a +0 dagger; a big kobold corpse Health restored: 91 The big kobold corpse isn't edible.
y - 3 scrolls of teleportation (gained 1)
Things that are here:
a +0 scale mail; a kobold corpse The kobold corpse isn't edible.
q - 184 stones (gained 3)
There isn't anything here!
q - 185 stones (gained 1)
You now have 493 gold pieces (gained 16).
q - 186 stones (gained 1)
The eight-headed hydra roars!
Aim: an eight-headed hydra You feel a surge of power!
The flame tongue hits the eight-headed hydra!
You now have 12/17 mp.
Aim: an eight-headed hydra (lightly wounded)
You feel a surge of power!
The flame tongue hits the eight-headed hydra.
You now have 11/17 mp.
Aim: an eight-headed hydra (lightly wounded)
You feel a surge of power!
The sticky flame hits the eight-headed hydra.
The eight-headed hydra is covered in liquid flames!
The eight-headed hydra burns!
The eight-headed hydra bites you but does no damage. x2
The eight-headed hydra completely misses you.
You block the eight-headed hydra's attack.
The eight-headed hydra closely misses you.
The eight-headed hydra bites you but does no damage.
The eight-headed hydra bites you. The eight-headed hydra bites you!
You take 12 damage, and have 79/91 hp.
You now have 7/17 mp.
You hit the eight-headed hydra.
The eight-headed hydra burns!
The eight-headed hydra closely misses you. x3
The eight-headed hydra bites you. The eight-headed hydra bites you!
The eight-headed hydra barely misses you.
The eight-headed hydra bites you! x2
You take 30 damage, and have 49/91 hp.
MASSIVE DAMAGE!!
You hit the eight-headed hydra.
The eight-headed hydra burns!
You block the eight-headed hydra's attack.
The eight-headed hydra bites you but does no damage.
The eight-headed hydra bites you!
You block the eight-headed hydra's attack.
The eight-headed hydra bites you but does no damage.
The eight-headed hydra bites you. The eight-headed hydra misses you.
The eight-headed hydra bites you.
You take 17 damage, and have 32/91 hp.
You hit the eight-headed hydra.
The eight-headed hydra burns!
The eight-headed hydra bites you!
* * * LOW HITPOINT WARNING * * *
You block the eight-headed hydra's attack.
The eight-headed hydra bites you.
* * * LOW HITPOINT WARNING * * *
The eight-headed hydra barely misses you.
The eight-headed hydra bites you but does no damage.
You block the eight-headed hydra's attack.
The eight-headed hydra barely misses you.
The eight-headed hydra bites you.
* * * LOW HITPOINT WARNING * * *
Your magical contamination has completely faded away.
You take 17 damage, and have 15/91 hp.
The eight-headed hydra burns!
The eight-headed hydra burns!
Some of the chunks of flesh in your inventory have rotted away.
The eight-headed hydra burns!
You block the eight-headed hydra's attack. x2
The eight-headed hydra bites you!
* * * LOW HITPOINT WARNING * * *
The eight-headed hydra bites you.
* * * LOW HITPOINT WARNING * * *
The eight-headed hydra bites you.
You die...

.....#...#.....#
##.#...#...#.#.#
####.#..#...#.# ..
####.#.#.#.# #..
..####..#.# .
#....####)###
####.>.[....##
#......).....#
#........).@.#
#...........D#########
#.....................
......................
.#########............
#............
....>.....!..%.
...............
......####......


You could see an eight-headed hydra (burning).

Vanquished Creatures
  A two-headed ogre (D:7)
  A cyclops (D:8)
  A hornet (D:8)
  A hippogriff (D:6)
  Menkaure (D:7)
  Duvessa (D:4)
  3 ice beasts
  5 orc warriors
  3 phantoms
  3 sky beasts
  8 ogres
  A necrophage (D:9)
  A black bear (D:8)
  A centaur (D:6)
  2 big kobolds (D:9)
  5 bullfrogs
  A wyvern zombie (D:7)
  A gnoll sergeant (D:6)
  Dowan (D:4)
  5 scorpions
  A water moccasin skeleton (D:8)
  A wight (D:7)
  3 howler monkeys
  2 crimson imps (D:5)
  A bullfrog zombie (D:5)
  A centaur zombie (D:7)
  A quasit (D:7)
  9 hounds
  6 orc priests
  A bullfrog skeleton (D:4)
  A jelly (D:5)
  4 orc wizards
  2 centaur skeletons
  2 iguanas
  4 worker ants
  2 killer bee zombies
  A hound zombie (D:7)
  4 gnolls
  A howler monkey skeleton (D:7)
  12 adders
  A shadow imp (D:7)
  An ooze (D:2)
  3 adder skeletons
  An adder zombie (D:8)
  4 worms
  A dart slug (D:1)
  7 leopard geckos
  24 orcs
  9 giant cockroaches
  10 goblins
  10 hobgoblins
  7 jackals
  12 kobolds
  5 quokkas
  4 ball pythons
  8 bats
  8 frilled lizards
  A leopard gecko skeleton (D:4)
  A leopard gecko zombie (D:9)
  2 quokka skeletons
  16 rats
240 creatures vanquished.

Vanquished Creatures (others)
  An orc (D:7)
  4 withered plants (D:7)
5 creatures vanquished.

Grand Total: 245 creatures vanquished

Notes
Turn   | Place    | Note
-------+----------+-------------------------------------------
     0 | D:1      | Firecrotchwizard the Hill Orc Fire Elementalist began the
                  | quest for the Orb.
     0 | D:1      | Reached XP level 1. HP: 14/14 MP: 3/3
    33 | D:1      | HP: 2/14 [hobgoblin/+0 club (4)]
   389 | D:1      | HP: 2/14 [hobgoblin/+0 club (4)]
   390 | D:1      | Reached XP level 2. HP: 3/20 MP: 2/4
   689 | D:1      | Upgraded the game from 0.24-a0-529-g0b98641 to
                  | 0.24-a0-536-gdd4cf15
   860 | D:1      | Reached skill level 2 in Conjurations
  1045 | D:1      | Reached XP level 3. HP: 26/26 MP: 1/5
  1624 | D:2      | Reached skill level 2 in Spellcasting
  1995 | D:2      | Learned a level 3 spell: Conjure Flame
  2002 | D:2      | Reached XP level 4. HP: 33/33 MP: 4/7
  2316 | D:2      | Reached skill level 3 in Conjurations
  2316 | D:2      | Reached skill level 4 in Fire Magic
  2355 | D:2      | Noticed a phantom
  2477 | D:2      | Killed a phantom
  2477 | D:2      | Reached XP level 5. HP: 27/38 MP: 2/8
  2570 | D:2      | Learned a level 4 spell: Sticky Flame
  2593 | D:2      | Found a glowing silver altar of Zin.
  2804 | D:3      | Reached skill level 4 in Conjurations
  2909 | D:3      | Reached XP level 6. HP: 45/45 MP: 5/9
  3406 | D:3      | Found a glowing golden altar of the Shining One.
  3671 | D:4      | Noticed Duvessa
  3671 | D:4      | Noticed Dowan
  3671 | D:4      | Noticed a phantom
  3785 | D:4      | Found a staircase to the Ecumenical Temple.
  3792 | Temple   | Entered the Ecumenical Temple
  4019 | Temple   | Became a worshipper of Vehumet
  4138 | D:4      | Killed Duvessa
  4138 | D:4      | Reached skill level 3 in Spellcasting
  4138 | D:4      | Reached skill level 5 in Conjurations
  4138 | D:4      | Reached skill level 5 in Fire Magic
  4138 | D:4      | Reached XP level 7. HP: 50/50 MP: 0/11
  4475 | D:4      | Killed Dowan
  4564 | D:4      | Found a transporter.
  4567 | D:4      | Found a transporter.
  5065 | D:4      | Reached skill level 6 in Conjurations
  5194 | D:4      | Reached XP level 8. HP: 30/57 MP: 7/13
  5275 | D:4      | Learned a level 5 spell: Fireball
  5599 | D:5      | Entered Level 5 of the Dungeon
  5729 | D:5      | Reached skill level 6 in Fire Magic
  5768 | D:5      | Noticed a moth of wrath
  5996 | D:5      | Reached skill level 4 in Spellcasting
  5999 | D:5      | Reached * piety under Vehumet
  5999 | D:5      | Offered knowledge of Magic Dart by Vehumet.
  6002 | D:5      | Learned a level 1 spell: Magic Dart
  6193 | D:5      | Reached skill level 1 in Fighting
  6193 | D:5      | Reached skill level 7 in Conjurations
  6784 | D:5      | Reached skill level 2 in Fighting
  7009 | D:5      | Reached skill level 7 in Fire Magic
  7169 | D:6      | Found an opulent altar of Gozag.
  7225 | D:6      | Found a hazy altar of Hepliaklqana.
  7302 | D:6      | Reached skill level 3 in Fighting
  7302 | D:6      | Reached XP level 9. HP: 55/69 MP: 15/15
  7625 | D:6      | Got an encrusted falchion
  7626 | D:6      | Identified the +9 falchion of Hacking and Slashing {flame,
                  | *Rage rC+ Int+2 Dex+4} (You found it on level 6 of the
                  | Dungeon)
  7734 | D:6      | Reached skill level 4 in Fighting
  8021 | D:6      | Found a snail-covered altar of Cheibriados.
  8139 | D:6      | Reached skill level 8 in Conjurations
  8330 | D:6      | Found a runed translucent door.
  8335 | D:6      | Noticed LadyBoffin's ghost (novice MfIE)
  8413 | D:7      | Reached skill level 8 in Fire Magic
  8502 | D:6      | Reached skill level 5 in Fighting
  8502 | D:6      | Reached skill level 2 in Dodging
  8684 | D:7      | Noticed Menkaure
  8933 | D:7      | Reached skill level 6 in Fighting
  8933 | D:7      | Reached skill level 3 in Dodging
  9187 | D:7      | Offered knowledge of Throw Frost by Vehumet.
  9189 | D:7      | Found a runed translucent gate.
  9202 | D:7      | Reached ** piety under Vehumet
  9553 | D:7      | Killed Menkaure
  9553 | D:7      | Reached skill level 7 in Fighting
  9553 | D:7      | Reached XP level 10. HP: 86/86 MP: 13/16
  9558 | D:7      | Reached skill level 4 in Dodging
  9632 | D:7      | Found a runed translucent gate.
  9632 | D:7      | Found a runed translucent gate.
  9637 | D:7      | Noticed RancidPinata's ghost (novice TrMo)
  9637 | D:7      | Noticed chaoswolf's ghost (novice DsBe)
  9637 | D:7      | Noticed necromuncher's ghost (novice KoHu)
  9825 | D:7      | Found a sacrificial altar of Ru.
 10020 | D:7      | Reached skill level 1 in Shields
 10094 | D:7      | Noticed a two-headed ogre
 10378 | D:7      | Killed a two-headed ogre
 10378 | D:7      | Reached skill level 3 in Shields
 10392 | D:7      | Reached skill level 4 in Shields
 10586 | D:8      | Reached skill level 8 in Fighting
 10846 | D:8      | Offered knowledge of Stone Arrow by Vehumet.
 11133 | D:8      | Noticed a cyclops
 11143 | D:8      | HP: 19/90 [cyclops (29)]
 11145 | D:8      | Killed a cyclops
 11145 | D:8      | Reached skill level 9 in Fighting
 11145 | D:8      | Reached skill level 5 in Dodging
 11729 | D:9      | Found a staircase to the Orcish Mines.
 11789 | D:9      | Reached *** piety under Vehumet
 11789 | D:9      | Reached skill level 1 in Armour
 11789 | D:9      | Noticed an eight-headed hydra
 12248 | D:9      | Found Icri's Lightly-Used Armoury.
 12326 | D:9      | Got a smoking dagger
 12327 | D:9      | Identified the +6 dagger "Dingoco" {pierce, Fragile +Blink
                  | Str+5 Int-2} (You found it on level 9 of the Dungeon)
 12384 | D:9      | Reached skill level 2 in Armour
 12407 | D:9      | HP: 18/91 [eight-headed hydra (5)]
 12410 | D:9      | HP: 7/91 [eight-headed hydra (9)]
 12410 | D:9      | HP: 1/91 [eight-headed hydra (6)]
 12410 | D:9      | Slain by an eight-headed hydra

Levels and vault maps discovered:
D:1:      onia_arrival_pentagram, layout_basic, item_on_display_b
D:2:      layout_rooms, lemuel_coloured_pillars_altar
D:3:      layout_rooms, overflow_temple_1_default
D:4:      gammafunk_wand_slinger, layout_cave_pods, minmay_temple_entry_arrows,
          first_ration, portal_sewer_entry_e, uniq_duvessa
D:5:      layout_basic, tgw_trog
D:6:      layout_loops_ring, grunt_temple_overflow_open, basic_altar,
          ebering_ghost_sewer_d, fountainhead
D:7:      layout_rooms, basic_altar, gammafunk_ghost_cemetery, grunt_ogre_cave,
          minmay_joined_circles, uniq_menkaure
D:8:      layout_basic, serial_bayou_pond_e
D:9:      minmay_spotlight, layout_basic, minmay_shop_damaged
Temple:   dpeg_five_rooms_temple

Skill      XL: |  1  2  3  4  5  6  7  8  9 10 |
---------------+-------------------------------+-----
Conjurations   | 2 3 4 5 6 7 8 |  8.1
Spellcasting   | 2 3 4 |  4.8
Fire Magic     | 4 5 7 8 |  8.0
Fighting       | 3 7 9 |  9.3
Dodging        | 3 5 |  5.2
Shields        | 4 |  4.0
Armour         | 2 |  2.0
Stealth        | |  1.5

Action                   |  1- 3 |  4- 6 |  7- 9 | 10-12 || total
-------------------------+-------+-------+-------+-------++-------
Melee: Club              |    20 |       |       |       ||    20
       War axe           |       |    25 |       |       ||    25
       Dagger            |       |    26 |   205 |   171 ||   402
       Unarmed           |       |       |     8 |       ||     8
 Fire: Hunting sling     |       |     3 |       |       ||     3
Throw: Stone             |     1 |    65 |    87 |    60 ||   213
 Cast: Flame Tongue      |    50 |    88 |   158 |    81 ||   377
       Sticky Flame      |       |     1 |    19 |    19 ||    39
       Conjure Flame     |       |     1 |     1 |     1 ||     3
       Magic Dart        |       |       |     5 |       ||     5
       Fireball          |       |       |     1 |       ||     1
  Use: Scroll            |       |     6 |    13 |     2 ||    21
       Potion            |       |       |     1 |       ||     1
  Eat: Chunk             |     4 |     7 |    15 |    10 ||    36
       Ration            |       |       |     2 |     1 ||     3
Armor: Robe              |     8 |    10 |    24 |       ||    42
       Skin              |       |       |    13 |       ||    13
       Ring mail         |       |       |    55 |    67 ||   122
Dodge: Dodged            |    24 |    60 |   144 |   102 ||   330
Block: Other             |       |       |    22 |       ||    22
       Reflection        |       |       |     2 |     1 ||     3
       Buckler           |       |       |       |   107 ||   107

Table legend:
 A = Non-vault XP
 B = Vault XP
 C = Vault XP percentage of total XP
 D = Non-vault monster count
 E = Vault monster count
 F = Vault count percentage of total count
                 A         B        C        D         E       F
            +---------+---------+-------+---------+---------+-------
      Total |    6784 |    2240 |  24.8 |     211 |      30 |  12.4
            +---------+---------+-------+---------+---------+-------
        D:1 |      45 |       0 |   0.0 |      26 |       0 |   0.0
        D:2 |     240 |       0 |   0.0 |      27 |       0 |   0.0
        D:3 |     168 |       0 |   0.0 |      34 |       0 |   0.0
        D:4 |     524 |     239 |  31.3 |      10 |      10 |  50.0
        D:5 |     945 |       7 |   0.7 |      21 |       3 |  12.5
        D:6 |    1585 |      70 |   4.2 |      25 |       1 |   3.8
        D:7 |     832 |    1466 |  63.8 |      18 |      10 |  35.7
        D:8 |    2078 |       0 |   0.0 |      32 |       0 |   0.0
        D:9 |     367 |     458 |  55.5 |      18 |       6 |  25.0
            +---------+---------+-------+---------+---------+-------

Levels and vault maps discovered:
D:1:      onia_arrival_pentagram, layout_basic, item_on_display_b
D:2:      layout_rooms, lemuel_coloured_pillars_altar
D:3:      layout_rooms, overflow_temple_1_default
D:4:      gammafunk_wand_slinger, layout_cave_pods, minmay_temple_entry_arrows,
          first_ration, portal_sewer_entry_e, uniq_duvessa
D:5:      layout_basic, tgw_trog
D:6:      layout_loops_ring, grunt_temple_overflow_open, basic_altar,
          ebering_ghost_sewer_d, fountainhead
D:7:      layout_rooms, basic_altar, gammafunk_ghost_cemetery, grunt_ogre_cave,
          minmay_joined_circles, uniq_menkaure
D:8:      layout_basic, serial_bayou_pond_e
D:9:      minmay_spotlight, layout_basic, minmay_shop_damaged
Temple:   dpeg_five_rooms_temple

Table legend:
 A = Turns spent in this place as a percentage of turns spent in the entire game.
 B = Non-inter-level travel turns spent in this place as a percentage of non-inter-level travel turns spent in the entire game.
 C = Inter-level travel turns spent in this place as a percentage of turns spent in this place.
 D = Turns resting spent in this place as a percentage of non-inter-level travel turns spent in this place.
 E = Turns spent auto-exploring this place as a percentage of non-inter-level travel turns spent in this place.
 F = Non-inter-level travel turns spent in this place divided by the number of levels of this place that you've seen.
                   A       B       C       D       E      F
               +-------+-------+-------+-------+-------+----------------------
         Total | 100.0 | 100.0 |   5.5 |  43.2 |  37.4 | 1173.0
       Dungeon |  97.8 |  98.1 |   5.1 |  44.0 |  36.2 | 1278.8
        Temple |   2.2 |   1.9 |  20.8 |   0.0 |  98.6 | 221.0
               +-------+-------+-------+-------+-------+----------------------

Table legend:
 A = Kills in this place as a percentage of kills in entire the game.
 B = Kills by you in this place as a percentage of kills by you in the entire game.
 C = Kills by friends in this place as a percentage of kills by friends in the entire game.
 D = Other kills in this place as a percentage of other kills in the entire game.
 E = Experience gained in this place as a percentage of experience gained in the entire game.
 F = Experience gained in this place divided by the number of levels of this place that you have seen.
                   A       B       C       D       E      F
               +-------+-------+-------+-------+-------+----------------------
         Total | 100.0 | 100.0 |   N/A | 100.0 | 100.0 | 902.4
       Dungeon | 100.0 | 100.0 |   N/A | 100.0 | 100.0 | 1002.7
               +-------+-------+-------+-------+-------+----------------------
